 Dungeon Crawl Stone Soup version 0.29.0-7-g18a832c13a (webtiles) character file.

Game seed: 2626836996307963661

161 Armakuni the Conjurer (level 4, -5/33 HPs)
             Began as a Demigod Conjurer on Aug 31, 2022.
             Slain by Crazy Yiuf
             ... wielding a +4 quarterstaff of chaos
              (7 damage)
             ... on level 2 of the Dungeon.
             The game lasted 00:05:29 (2245 turns).

Armakuni the Conjurer (Demigod Conjurer)            Turns: 2245, Time: 00:05:30

Health: -5/33      AC:  3    Str: 12    XL:     4   Next: 98%
Magic:  1/12       EV: 12    Int: 20    God:
Gold:   87         SH:  5    Dex: 12    Spells: 3/9 levels left

rFire   . . .      SeeInvis +   a - +0 short sword (venom)
rCold   . . .      Faith    .   (no shield)
rNeg    . . .      Spirit   .   f - +0 robe
rPois   .          Reflect  +   (no helmet)
rElec   .          Harm     .   (no cloak)
rCorr   .          Rampage  .   m - +0 pair of gloves
Will    .....                   (no boots)
Stlth   ++........              H - amulet of reflection
HPRegen 0.11/turn               I - ring of see invisible
MPRegen 0.13/turn               (no ring)

@: hasted and slowed
A: high MP 1, forlorn, divine attributes
a: no special abilities


You were on level 2 of the Dungeon.
You visited 1 branch of the dungeon, and saw 2 of its levels.

You collected 87 gold pieces.

Inventory:

Hand Weapons
 a - a +0 short sword of venom (weapon)
Missiles
 c - 5 boomerangs
 i - 11 poisoned darts
Armour
 e - a +0 ring mail
 f - a +0 robe (worn)
 k - a +0 leather armour
 m - a +0 pair of gloves (worn)
Jewellery
 H - an amulet of reflection (around neck)
 I - a ring of see invisible (left hand)
Scrolls
 g - 5 scrolls of identify
 j - 2 scrolls of enchant armour
Potions
 b - a potion of magic
 d - a potion of heal wounds
 l - a potion of resistance


   Skills:
 - Level 1.7 Dodging
 - Level 1.7 Stealth
 + Level 3.4 Spellcasting
 + Level 4.9 Conjurations


You had 3 spell levels left.
You knew the following spells:

 Your Spells              Type           Power      Damage    Failure   Level
a - Magic Dart            Conj           92%        1d7       1%          1
o - Ozocubu's Armour      Ice            3%         N/A       38%         3
z - Searing Ray           Conj           46%        2d6       2%          2

Your spell library contained the following spells:

 Spells                   Type           Power      Damage    Failure   Level
 Dazzling Flash           Conj/Hex       26%        N/A       16%         3
 Fulminant Prism          Conj/Hex       6%         3d7       45%         4
 Iskenderun's Mystic Bla  Conj/Tloc      13%        2d5       45%         4
 Metabolic Englaciation   Hex/Ice        1%         N/A       98%         5
 Simulacrum               Ice/Necr       1%         N/A       100%        6


Dungeon Overview and Level Annotations

Branches:
Dungeon (2/15)

Shops:
D:1 (

Annotations:
D:2 Crazy Yiuf


Innate Abilities, Weirdness & Mutations

You have an increased reservoir of magic. (+10% MP)
You shall have no god before yourself.
Your divine heritage dramatically boosts your attributes as you level up.


Message History

Press: ? - help, Q - select action, (/) - cycle Shift-Dir - straight line, f - Crazy Yiuf
Aim: Crazy Yiuf, wielding a +4 quarterstaff of chaos and wearing a +0 cloak (81% to hit)
The searing ray hits Crazy Yiuf.
Crazy Yiuf is lightly wounded. (Press . to maintain the ray.) Crazy Yiuf hits you with a +4 quarterstaff of chaos!
You feel your power leaking away.
Without enough magic to sustain it, your searing ray dissipates.
Crazy Yiuf hits you with a +4 quarterstaff of chaos!
Crazy Yiuf freezes you.
Crazy Yiuf hits you with a +4 quarterstaff of chaos.
* * * LOW HITPOINT WARNING * * *
You are electrocuted!
* * * LOW HITPOINT WARNING * * *
You feel much better.
Crazy Yiuf whimpers, "Paint!
Action forty-two bag."
Crazy Yiuf hits you with a +4 quarterstaff of chaos.
You are electrocuted!
You feel much better.
Crazy Yiuf hits you with a +4 quarterstaff of chaos.
You feel yourself slow down.
You aren't carrying any items that you can evoke.
Okay, then.
Okay, then.
You feel yourself speed up.
Crazy Yiuf says, "I'm not crazy!"
Crazy Yiuf closely misses you. You block Crazy Yiuf's attack.
Your icy armour will break if you move.
Continue?
Crazy Yiuf attacks as you move away!
Crazy Yiuf hits you with a +4 quarterstaff of chaos!
Your icy armour cracks and falls away as you move.
Crazy Yiuf attacks as you move away! Crazy Yiuf closely misses you.
Crazy Yiuf attacks as you move away!
Crazy Yiuf hits you with a +4 quarterstaff of chaos!!
Ouch! That really hurt!
* * * LOW HITPOINT WARNING * * *
You resist with significant effort. Crazy Yiuf attacks as you move away!
Crazy Yiuf hits you with a +4 quarterstaff of chaos!
You die...

.##.#########.#.###...##.####
###.# ##### ######.# #.# #.#
#.# ###.#####.# #.# ###
♣♣##.........# #.# #)..#♣♣
♣♣.#..#.#####.# .#
#...'.♣♣♣♣)......#
#...#♣.g♣.....)..# ###
♣♣♣@♣..#.##.# ♣♣♣♣♣####.# ..#
#.# #.# ##


You could see Crazy Yiuf.

Vanquished Creatures
  Natasha (thrice) (D:2)
  Terence (D:2)
  A worm (D:2)
  2 dart slugs
  A ball python (D:1)
  2 bats (D:1)
  5 endoplasms
  3 giant cockroaches
  6 goblins
  4 hobgoblins
  5 jackals
  3 kobolds
  7 quokkas
  2 frilled lizards (D:1)
  5 rats
50 creatures vanquished.

Vanquished Creatures (others)
  2 fungi (D:2)
  3 plants (D:2)
5 creatures vanquished.

Grand Total: 55 creatures vanquished

Notes
Turn   | Place    | Note
-------+----------+-------------------------------------------
     0 | D:1      | Armakuni the Demigod Conjurer began the quest for the Orb.
     0 | D:1      | Reached XP level 1. HP: 14/14 MP: 5/5
   241 | D:1      | Reached XP level 2. HP: 20/20 MP: 2/7
   560 | D:1      | Found Ysoifi's Weapon Shoppe.
   569 | D:1      | Learned a level 2 spell: Searing Ray
   573 | D:1      | Reached skill level 4 in Conjurations
   961 | D:1      | Reached XP level 3. HP: 26/26 MP: 3/9
  1306 | D:2      | Learned a level 3 spell: Ozocubu's Armour
  1429 | D:2      | Noticed Natasha
  1436 | D:2      | Killed Natasha
  1573 | D:2      | Noticed Natasha
  1579 | D:2      | Killed Natasha
  1580 | D:2      | Reached XP level 4. HP: 33/33 MP: 3/11
  1590 | D:2      | Noticed Natasha
  1669 | D:2      | Noticed Terence
  1680 | D:2      | Killed Terence
  1690 | D:2      | Killed Natasha
  2145 | D:2      | Found a runed translucent door.
  2146 | D:2      | Noticed Crazy Yiuf
  2238 | D:2      | HP: 1/33 [Crazy Yiuf/+4 quarterstaff of chaos (8)]
  2245 | D:2      | Slain by Crazy Yiuf

Illustrated notes

Levels and vault maps discovered:
D:1:      dpeg_arrival_renting, layout_basic, serial_shops, shop_fountains,
          minmay_box_of_dots
D:2:      layout_basic, dreamdust_ecumenical_altar_hidden_monk_grotto,
          small_statue_intersection, kennysheep_generic_room_12, uniq_terence,
          uniq_natasha, uniq_crazy_yiuf_cottage

Skill      XL: |  1  2  3 |
---------------+----------+-----
Spellcasting   | 2 3 |  3.4
Conjurations   | 4 |  4.9
Dodging        | |  1.7
Stealth        | |  1.7

Action                   |  1- 3 |  4- 6 || total
-------------------------+-------+-------++-------
Melee: Short sword       |     6 |     1 ||     7
 Cast: Magic Dart        |    27 |       ||    27
       Searing Ray       |    22 |    12 ||    34
       Ozocubu's Armour  |       |     1 ||     1
  Use: Scroll            |     6 |       ||     6
       Potion            |       |     3 ||     3
Armor: Robe              |     5 |     1 ||     6
Dodge: Dodged            |    14 |    10 ||    24
Block: Other             |       |     2 ||     2
